 Dungeon Sprint DCSS version 0.20-a0-556-g892c87b (webtiles) character file.

69 Kidiri the Magician (level 4, -10/27 HPs)
             Began as a Deep Elf Fire Elementalist on Feb 4, 2017.
             Was an Initiate of Vehumet.
             Mangled by a deep elf knight
             ... wielding a +0 scimitar
              (27 damage)
             ... in the Dungeon (Sprint V: "Ziggurat Sprint").
             The game lasted 00:01:04 (110 turns).

Kidiri the Magician (Deep Elf Fire Elementalist)     Turns: 110, Time: 00:01:05

Health: -10/27     AC:  2    Str:  5    XL:     4   Next: 2%
Magic:  16/21      EV: 15    Int: 39    God:    Vehumet [......]
Gold:   0          SH:  0    Dex: 15    Spells: 14/17 levels left

rFire    . . .     SeeInvis .   m - +6 Majin-Bo {vamp, Archmagi MP+6 Int+6}
rCold    . . .     Gourm    .   a - +0 robe
rNeg     . . .     Faith    .   (shield currently unavailable)
rPois    .         Spirit   .   (no helmet)
rElec    .         Reflect  .   (no cloak)
rCorr    .         Harm     .   (no gloves)
MR       .....     NoTele   +   (no boots)
Stlth    ++........             (no amulet)
Regen    0.1/turn               B - +6 ring of intelligence
                                A - +6 ring of intelligence

@: no status effects
A: no striking features
a: Renounce Religion


You were in the Dungeon.
You worshipped Vehumet.
Vehumet was noncommittal.
You were not hungry.

You visited 1 branch

Inventory:

Hand Weapons
 m - the +6 Majin-Bo (weapon) {vamp, Archmagi MP+6 Int+6}
   (You found it in the Dungeon)

   It inflicts no extra harm, but heals its wielder when it wounds a living foe.
   It affects your intelligence (+6).
   It affects your magic capacity (+6).
Armour
 a - a +0 robe (worn)
Jewellery
 y - a +6 ring of dexterity
 z - a +6 ring of dexterity
 A - a +6 ring of intelligence (left hand)
 B - a +6 ring of intelligence (right hand)
 C - a +6 ring of strength
 D - a +6 ring of strength
Wands
 E - a wand of disintegration (7/24)
 F - a wand of iceblast (5/15)
 G - a wand of lightning (5/15)
 H - a wand of acid (1/15)
Scrolls
 i - 4 scrolls of blinking
 p - 4 scrolls of amnesia
 q - 3 scrolls of recharging
 r - 7 scrolls of fog
 s - a scroll of holy word
 t - 5 scrolls of identify
 u - 5 scrolls of remove curse
 v - 2 scrolls of fear
Potions
 d - 10 potions of curing
 e - 10 potions of heal wounds
 f - 6 potions of haste
 g - 7 potions of magic
 h - 3 potions of berserk rage
 j - 2 potions of brilliance
 k - 2 potions of invisibility
 l - 4 potions of resistance
 n - 5 potions of agility
 o - 5 potions of might
Books
 b - a book of Flames

   Spells                             Type                      Level
   a - Flame Tongue                   Conjuration/Fire             1
   b - Throw Flame                    Conjuration/Fire             2
   c - Conjure Flame                  Conjuration/Fire             3
   d - Inner Flame                    Hexes/Fire                   3
   e - Sticky Flame                   Conjuration/Fire             4
   f - Fireball                       Conjuration/Fire             5
Comestibles
 c - 5 bread rations
 w - 40 fruits
 x - 4 meat rations


   Skills:
 + Level 2.6 Fighting
 + Level 2.6 Armour
 + Level 4.8 Dodging
 - Level 2.4 Stealth
 * Level 7.3 Spellcasting
 + Level 3.8 Conjurations
 + Level 5.0 Fire Magic


You had 14 spell levels left.
You knew the following spells:

 Your Spells              Type           Power        Failure   Level  Hunger
a - Flame Tongue          Conj/Fire      #####        1%          1    None
b - Throw Flame           Conj/Fire      ######       1%          2    None


Dungeon Overview and Level Annotations

Branches:
Dungeon (1/1)

Altars:
Ashenzari
Cheibriados
Dithmenos
Elyvilon
Fedhas
Gozag
Hepliaklqana
Kikubaaqudgha
Makhleb
Nemelex Xobeh
Okawaru
Qazlal
Ru
Sif Muna
Trog
Uskayaw
Vehumet
Xom
Yredelemnul
Zin
The Shining One
Beogh
Jiyva
Lugonu


Message History

The acid corrodes the earth elemental!
You destroy the earth elemental!
Vehumet accepts your kill.
Your Spellcasting skill increases to level 7!
Your Conjurations skill increases to level 3!
Your Fire Magic skill increases to level 5!
You have reached level 3!
Your experience leads to an increase in your attributes!
Your base attributes are Str 5, Int 19, Dex 15.
Increase (S)trength, (I)ntelligence, or (D)exterity?
You feel clever.
You have reached level 4!
You feel clever.
This wand has 1 charge left.
Something hits you!
Cast which spell? (? or * to list)
Aiming: Flame Tongue
Press: ? - help, Shift-Dir - straight line You feel a surge of power!
Something hits you!!
Ouch! That really hurt!
You die...

▓▓▓▓▓▓▓
▓.8©8.▓
▓.....▓
▓.[.).▓
▓.....▓
▓..{..▓
▓..@..▓
▓▓▓▓▓▓▓


There were no monsters in sight!

Vanquished Creatures
  An earth elemental (D)
1 creature vanquished.

Notes
Turn   | Place    | Note
-------+----------+-------------------------------------------
     0 | D        | Kidiri the Deep Elf Fire Elementalist began the quest for the Orb.
     0 | D        | Reached XP level 1. HP: 10/10 MP: 6/6
     0 | D        | Found a deep blue altar of Sif Muna.
     0 | D        | Found a sacrificial altar of Ru.
     0 | D        | Found a bloodstained altar of Trog.
     0 | D        | Found a stormy altar of Qazlal.
     0 | D        | Found an iron altar of Okawaru.
     0 | D        | Found a sparkling altar of Nemelex Xobeh.
     0 | D        | Found a blossoming altar of Fedhas.
     2 | D        | Found an ancient bone altar of Kikubaaqudgha.
     2 | D        | Found a viscous altar of Jiyva.
     2 | D        | Found a corrupted altar of Lugonu.
     2 | D        | Found a hazy altar of Hepliaklqana.
     2 | D        | Found a burning altar of Makhleb.
     2 | D        | Found an opulent altar of Gozag.
    39 | D        | Reached skill level 6 in Spellcasting
    39 | D        | Reached XP level 2. HP: 17/17 MP: 7/11
    43 | D        | Learned a level 2 spell: Throw Flame
    52 | D        | Became a worshipper of Vehumet
   105 | D        | Entered arena 1.
   105 | D        | Noticed an earth elemental
   105 | D        | Noticed a deep elf knight
   109 | D        | Killed an earth elemental
   109 | D        | Reached skill level 7 in Spellcasting
   109 | D        | Reached skill level 5 in Fire Magic
   109 | D        | Reached XP level 3. HP: 22/22 MP: 13/13
   109 | D        | Reached XP level 4. HP: 27/27 MP: 15/15
   110 | D        | Mangled by a deep elf knight

Vault maps used:
D:        sprint_v

Skill      XL: |  1  2 |
---------------+-------+-----
Fighting       | 2 |  2.6
Armour         | 2 |  2.6
Dodging        | 4 |  4.8
Spellcasting   | 6 7 |  7.3
Conjurations   | 2 3 |  3.8
Fire Magic     | 4 5 |  5.0
Stealth        | |  2.4

Action                   |  1- 3 |  4- 6 || total
-------------------------+-------+-------++-------
 Cast: Flame Tongue      |       |     1 ||     1
Evoke: Wand              |     3 |     1 ||     4
  Use: Potion            |     1 |       ||     1
  Eat: Fruit             |     2 |       ||     2
